 Dungeon Crawl Stone Soup version 0.17-a0-1554-g3b847ca (webtiles) character file.

2 Gorice the Sneak (level 1, 0/17 HPs)
             Began as a Vampire Wanderer on July 19, 2015.
             Slain by a jackal (2 damage)
             ... on level 1 of the Dungeon.
             The game lasted 00:01:16 (68 turns).

Gorice the Sneak (Vampire Wanderer)                   Turns: 68, Time: 00:01:16

Health: 0/17       AC:  2    Str: 11    XL:     1   Next: 33%
Magic:  1/1        EV: 11    Int: 15    God:
Gold:   0          SH:  0    Dex: 12    Spells: 0 memorised, 0 levels left

rFire  . . .     SeeInvis +     a - +2 dagger
rCold  . . .     Clarity  .     e - +0 robe
rNeg   + . .     SustAt   .     (no shield)
rPois  .         Gourm    .     (no helmet)
rElec  .         Spirit   .     (no cloak)
rCorr  .         Warding  .     (no gloves)
rMut   .         Stasis   .     (no boots)
MR     .....                    (no amulet)
Stlth  +++.......               (no ring)
                                (no ring)

@: not resistant to hostile enchantments, fairly stealthy
A: fangs 3, see invisible, unbreathing
a: no special abilities


You were on level 1 of the Dungeon.
You were not thirsty.

You visited 1 branch of the dungeon, and saw 1 of its levels.

Inventory:

Hand weapons
 a - a +2 dagger (weapon)
Missiles
 Z - 52 stones (quivered)
Armour
 e - a +0 robe (worn)
Scrolls
 b - a scroll of fear {!r}
 c - a scroll of teleportation {!r}
Potions
 d - a potion of lignification {!q}
 f - a potion of blood


   Skills:
 - Level 2.6 Fighting
 * Level 0.9 Short Blades
 + Level 4.4 Stealth
   Level 1.0 Shields
   Level 1.0 Translocations
   Level 1.7 Poison Magic


You couldn't memorise any spells.
You didn't know any spells.

Dungeon Overview and Level Annotations

Branches:
Dungeon (1/15)

Altars:


Innate Abilities, Weirdness & Mutations

You have razor-sharp teeth.
You have supernaturally acute eyesight.
You can survive without breathing.


Message History

The jackal bites you.
Damage: 2 (max 4)
You hit the jackal.
You kill the jackal!
You hit the jackal but do no damage. The jackal closely misses you.
You hit the jackal but do no damage. The jackal closely misses you.
The jackal barely misses you.
You barely miss the jackal. The jackal closely misses you.
You barely miss the jackal. Your bite misses the jackal.
The jackal barely misses you.
You barely miss the jackal. The jackal closely misses you.
The jackal misses you.
You barely miss the jackal. The jackal barely misses you.
You barely miss the jackal. The jackal bites you.
Damage: 1 (max 4)
You hit the jackal but do no damage.
The jackal bites you but does no damage.
The jackal barely misses you.
You hit the jackal.
The jackal is heavily wounded.
The jackal bites you but does no damage.
You miss the jackal.
The jackal is heavily wounded.
The jackal barely misses you.
You barely miss the jackal. Your bite misses the jackal.
The jackal is heavily wounded.
The jackal misses you. The jackal bites you.
Damage: 2 (max 4)
You barely miss the jackal.
The jackal is heavily wounded.
The jackal misses you.
You hit the jackal but do no damage.
The jackal is heavily wounded.
The jackal bites you.
* * * LOW HITPOINT WARNING * * *
Damage: 2 (max 4)
You hit the jackal. Your bite misses the jackal.
The jackal is severely wounded.
The jackal bites you.
* * * LOW HITPOINT WARNING * * *
Damage: 2 (max 4)
You hit the jackal.
The jackal is almost dead.
The jackal closely misses you. The jackal bites you.
* * * LOW HITPOINT WARNING * * *
Damage: 1 (max 4)
You barely miss the jackal. Your bite misses the jackal.
The jackal is almost dead.
The jackal bites you.
You die...

.......≈.........# .# #..
.⌠...........⌠...###.# ...#
....≈.....≈........#.#.!#..
.⌠...........⌠...#........#
.......≈.........#......#..
..⌠.........⌠...##.#...#..#
.....⌠...⌠......##.#...# .
...............###.#...#
###.........####@h.....#
########### ###.#...#
#[..#.# #...# # #.h.# #.#.#
.h..# ..##


You could see a jackal.

Vanquished Creatures
  2 jackals (D:1)
2 creatures vanquished.

Notes
Turn   | Place    | Note
--------------------------------------------------------------
     0 | D:1      | Gorice the Vampire Wanderer began the quest for the Orb.
     0 | D:1      | Gorice set off with: a +2 dagger, a scroll of fear {!r}, a scroll of teleportation {!r}, a potion of lignification {!q}, a +0 robe, a potion of blood
     0 | D:1      | Reached XP level 1. HP: 17/17 MP: 1/1
    65 | D:1      | HP: 4/17 [jackal (2)]
    67 | D:1      | HP: 1/17 [jackal (1)]
    68 | D:1      | Slain by a jackal

Vault maps used:
D:1:      dpeg_arrival_stone_temple_mockup, hex_large, serial_bayou_crossing

Action                   || total
-------------------------++-------
Melee: Dagger            ||    26

Table legend:
 A = Turns spent in this place as a percentage of turns spent in the entire game.
 B = Non-inter-level travel turns spent in this place as a percentage of non-inter-level travel turns spent in the entire game.
 C = Inter-level travel turns spent in this place as a percentage of turns spent in this place.
 D = Turns resting spent in this place as a percentage of non-inter-level travel turns spent in this place.
 E = Turns spent auto-exploring this place as a percentage of non-inter-level travel turns spent in this place.
 F = Non-inter-level travel turns spent in this place divided by the number of levels of this place that you've seen.
                   A       B       C       D       E      F
               +-------+-------+-------+-------+-------+----------------------
         Total | 100.0 | 100.0 |   0.0 |   0.0 |   3.3 |  61.0
       Dungeon | 100.0 | 100.0 |   0.0 |   0.0 |   3.3 |  61.0
               +-------+-------+-------+-------+-------+----------------------

Vault maps used:
D:1:      dpeg_arrival_stone_temple_mockup, hex_large, serial_bayou_crossing
